 Dungeon Crawl Stone Soup version 0.20.1-1-g8b1a95d (webtiles) character file.

56 Jazqa the Sneak (level 3, -10/16 HPs)
             Began as a Spriggan Enchanter on Oct 31, 2017.
             Mangled by a gnoll
             ... wielding a +0 halberd
              (14 damage)
             ... on level 2 of the Dungeon.
             The game lasted 00:05:10 (2233 turns).

Jazqa the Sneak (Spriggan Enchanter)                Turns: 2233, Time: 00:05:10

Health: -10/16     AC:  2    Str:  4    XL:     3   Next: 71%
Magic:  8/8        EV: 18    Int: 16    God:
Gold:   89         SH:  0    Dex: 17    Spells: 5/8 levels left

rFire    . . .     SeeInvis +   a - +2 dagger
rCold    . . .     Gourm    .   (shield restricted)
rNeg     . . .     Faith    .   b - +0 robe
rPois    .         Spirit   .   (helmet restricted)
rElec    .         Reflect  .   (no cloak)
rCorr    .         Harm     .   (gloves unavailable)
MR       ++...                  (boots unavailable)
Stlth    +++.......             (no amulet)
Regen    0.1/turn               M - ring of protection from magic
MPRegen  0.2/turn               m - ring of protection from magic

@: very quick
A: unfitting armour, see invisible, herbivore 3, speed 3, slow metabolism 2
a: no special abilities


You were on level 2 of the Dungeon.
You were not hungry.

You visited 1 branch of the dungeon, and saw 2 of its levels.

You collected 89 gold pieces.


Innate Abilities, Weirdness & Mutations

You are very small and have problems with some larger weapons.
You are too small for most types of armour.
You have supernaturally acute eyesight. (SInv)
You are a herbivore.
You cover ground extremely quickly.
You need consume almost no food.


   Skills:
 + Level 2.3 Short Blades
 - Level 3.0 Dodging
 + Level 5.2 Stealth
 + Level 3.1 Spellcasting
 + Level 4.3 Hexes


You had 5 spell levels left.
You knew the following spells:

 Your Spells              Type           Power        Failure   Level  Hunger
x - Ensorcelled Hibernat  Hex/Ice        #.....       12%         2    ##.....
z - Corona                Hex            ###....      3%          1    None

Inventory:

Hand Weapons
 a - a +2 dagger (weapon)
Armour
 b - a +0 robe (worn)
Jewellery
 m - a ring of protection from magic (right hand)
 M - a ring of protection from magic (left hand)
Scrolls
 e - 3 scrolls of identify {@r1}
 h - a scroll of magic mapping {unknown}
Potions
 f - 2 potions of curing {@q1}
 g - a potion of brilliance
 j - a potion of invisibility {unknown}
Books
 c - a book of Maledictions

   Spells                             Type                      Level
   a - Corona                         Hexes                        1
   b - Ensorcelled Hibernation        Hexes/Ice                    2
   c - Confuse                        Hexes                        3
   d - Tukima's Dance                 Hexes                        3
   e - Dazzling Spray                 Conjuration/Hexes            3
Comestibles
 d - a bread ration {@e1}
 i - 2 royal jellies {@e3}

Dungeon Overview and Level Annotations

Branches:
Dungeon (2/15)

Altars:

........########....###.#.#.#.###
#####...........................#
.####....#######.#..####...##.#.#
.+...............#..# #...##.#..
.###........###..#..# #...##.#.#
.# #..........#..#..# #...##.###
.# #....#.###.#gg#... .... #.# ##
#..........g..#.#####..# #.# #
#............@#... ..# #
#########........#.##############
.................................
#############.#....##############
.........####......#
..####.....<#.##..####### ..#
########.##..S.....### ..#
#........##..........#### ..#
#.#####..##...S..........


You could see 3 gnolls and a ball python.


Message History

A frilled lizard is nearby!
A frilled lizard is nearby!
The frilled lizard hisses angrily.
The frilled lizard bites you.
You miss the frilled lizard.
The frilled lizard bites you but does no damage.
You hit the frilled lizard.
The frilled lizard is heavily wounded.
The frilled lizard barely misses you.
You hit the frilled lizard but do no damage.
The frilled lizard is heavily wounded.
The frilled lizard bites you.
You hit the frilled lizard.
You kill the frilled lizard!
Found a royal jelly.
i - 2 royal jellies {@e3} (gained 1)
The gnoll is too close now for your liking.
A gnoll is nearby!
A ball python comes into view.
The gnoll shouts! x3
The gnoll misses you.
You hear an angry hiss.
You hit the gnoll.
The gnoll is lightly wounded.
The gnoll hits you from afar with a spear!
Ouch! That really hurt!
* * * LOW HITPOINT WARNING * * *
The gnoll hits you from afar with a halberd!
Ouch! That really hurt!
You die...

Skill      XL: |  1  2 |
---------------+-------+-----
Short Blades   | 2 |  2.3
Stealth        | 5 |  5.2
Spellcasting   | 3 |  3.1
Hexes          | 4 |  4.3
Dodging        | |  3.0

Action                   || total
-------------------------++-------
Melee: Dagger            ||   172
 Cast: Corona            ||    13
       Ensorcelled Hiber ||    17
  Use: Scroll            ||     6
 Stab: Sleeping          ||    12
Armor: Robe              ||    30
Dodge: Dodged            ||   279

Vault maps used:
D:1:      evilmike_arrival_crescent, minmay_pentomino_o2

Notes
Turn   | Place    | Note
-------+----------+-------------------------------------------
     0 | D:1      | Jazqa the Spriggan Enchanter began the quest for the Orb.
     0 | D:1      | Reached XP level 1. HP: 9/9 MP: 5/5
   400 | D:1      | Reached XP level 2. HP: 9/13 MP: 2/6
   508 | D:1      | Learned a level 2 spell: Ensorcelled Hibernation
   846 | D:1      | Reached skill level 2 in Short Blades
  1153 | D:2      | HP: 1/13 [bat (1)]
  1273 | D:2      | Reached skill level 5 in Stealth
  1273 | D:2      | Reached skill level 3 in Spellcasting
  1273 | D:2      | Reached skill level 4 in Hexes
  1273 | D:2      | Reached XP level 3. HP: 7/16 MP: 4/8
  2233 | D:2      | Mangled by a gnoll

Vanquished Creatures
  An adder (D:2)
  A worm (D:2)
  A dart slug (D:1)
  A leopard gecko (D:2)
  A giant cockroach (D:1)
  7 goblins
  4 hobgoblins
  5 jackals
  A ball python (D:2)
  6 bats
  3 frilled lizards (D:2)
  2 kobolds (D:1)
  5 rats
38 creatures vanquished.
